 Dungeon Crawl Stone Soup version 0.29.0-15-g675c0067aa (webtiles) character file.

Game seed: 15544224702700027680

6620 qw the Severer (level 10, -2/135 HPs)
             Began as a Minotaur Berserker on Sept 11, 2022.
             Was a Priest of Trog.
             Slain by Sonja
             ... wielding a +2 dagger of distortion
              (10 damage)
             ... on level 11 of the Dungeon.
             The game lasted 00:03:01 (11337 turns).

qw the Severer (Minotaur Berserker)                Turns: 11337, Time: 00:03:01

Health: -2/135     AC: 30    Str: 30    XL:     10   Next: 72%
Magic:  0/9        EV:  8    Int:  9    God:    Trog [***...]
Gold:   699        SH:  0    Dex: 20    Spells: 9/9 levels left

rFire   . . .      SeeInvis .   Y - +1 broad axe (vorpal)
rCold   . . .      Faith    .   (no shield)
rNeg    . . .      Spirit   +   r - +6 crystal plate armour of Burrech {Dex+5}
rPois   .          Reflect  .   (helmet unavailable)
rElec   .          Harm     .   (no cloak)
rCorr   .          Rampage  .   k - +0 pair of gloves
Will    .....                   d - +2 pair of boots
Stlth   ..........              l - amulet of guardian spirit
HPRegen 0.32/turn               m - +6 ring of dexterity
MPRegen 0.11/turn               g - +6 ring of intelligence

@: berserking (expiring), very quick
A: horns 3, retaliatory headbutt, strong 1
a: Renounce Religion, Berserk, Trog's Hand


You were on level 11 of the Dungeon.
You worshipped Trog.
Trog was most pleased with you.
You visited 1 branch of the dungeon, and saw 11 of its levels.

You collected 699 gold pieces.


Innate Abilities, Weirdness & Mutations

You have a pair of large horns on your head.
You reflexively headbutt those who attack you in melee.
Your muscles are strong. (Str +4, Int/Dex -1)


   Skills:
 - Level 8.4 Fighting
 - Level 15.0 Axes
 - Level 3.3 Throwing
 + Level 9.0 Armour
 - Level 4.0 Dodging


You had 9 spell levels left.
You didn't know any spells.
Your spell library was empty.

Inventory:

Hand Weapons
 j - a +2 flail of protection
 Y - a +1 vorpal broad axe (weapon)
Missiles
 f - 5 boomerangs
 o - 4 javelins (quivered)
Armour
 d - a +2 pair of boots (worn)
 k - a +0 pair of gloves (worn)
 r - the +6 crystal plate armour of Burrech (worn) {Dex+5}
   (You acquired it on level 8 of the Dungeon)

   Dex:       It affects your dexterity (+5).
Jewellery
 c - an amulet of regeneration
 g - a +6 ring of intelligence (right hand)
 i - a ring of resist corrosion
 l - an amulet of guardian spirit (around neck)
 m - a +6 ring of dexterity (left hand)
Scrolls
 e - 4 scrolls of identify
Potions
 a - 4 potions of heal wounds
 b - 2 potions of haste
 h - a potion of might
 n - a potion of curing
 p - a potion of mutation

Dungeon Overview and Level Annotations

Branches:
Dungeon (11/15)            Temple (0/1) D:5
   Lair: D:8-11         Orc: D:9-12

Altars:
Ashenzari
Cheibriados
Elyvilon
Hepliaklqana
Okawaru
Qazlal
Ru
Sif Muna
Wu Jian
Xom
The Shining One

Annotations:
D:6 2 runed translucent doors
D:11 Sonja


Message History

Space warps around you.
You slash Sonja! Your headbutt misses Sonja.
Sonja is heavily wounded.
Sonja hits you but does no damage. Space warps around you.
Sonja barely misses you. Sonja hits you but does no damage.
Space warps around you.
You miss Sonja. You headbutt Sonja.
Sonja is heavily wounded.
Sonja hits you with a +2 dagger of distortion.
Space warps horribly around you!! Sonja hits you but does no damage.
Space warps around you. Sonja hits you but does no damage.
You blink.
Throw: 5 javelins
Press: ? - help, Q - select action, (/) - cycle Shift-Dir - straight line, f/p - Sonja You throw a javelin.
The javelin misses Sonja.
11332 ||| INVOKING Berserk.
A red film seems to cover your vision as you go berserk!
You feel yourself moving faster!
You feel mighty!
You completely miss Sonja.
Sonja is heavily wounded.
Sonja casts a spell.
Sonja blinks!
Sonja twirls her cape.
Sonja hits you with a +2 dagger of distortion.
Space warps horribly around you! Sonja hits you but does no damage. x2
You slash Sonja! Your headbutt misses Sonja.
Sonja is almost dead.
Sonja hits you but does no damage. Sonja barely misses you.
Sonja hits you but does no damage. Space warps around you.
You barely miss Sonja. Your headbutt misses Sonja.
Sonja is almost dead.
Sonja hits you but does no damage. Space warps around you.
Sonja closely misses you. Sonja hits you but does no damage.
Space warps horribly around you!!
You hit Sonja but do no damage.
Sonja is almost dead.
Sonja hits you but does no damage.
Sonja hits you with a +2 dagger of distortion.
Space warps around you. Sonja hits you but does no damage.
Space warps horribly around you!
You die...

#..##8...8#
###.####...## ##
#...####...# .
+...'(##...## #.
#.....#8...8#
#.##+#.....##...####
..........##...##8##
#K.....#'##........
#.@...##.#8........
#(....##.##........
##.......###8###}##
#################
#.....<...#
...#####...###
.........[.
###########


You could see Sonja.

Vanquished Creatures
  Erolcha (D:9)
  A two-headed ogre (D:10)
  Pikel (D:7)
  Maggie (D:7)
  Prince Ribbit (D:7)
  A wyvern (D:8)
  3 yaks (D:8)
  Eustachio (D:5)
  Menkaure (D:5)
  Edmund (D:5)
  2 acid dragons
  3 water moccasins
  3 orc warriors
  2 black bears
  A sky beast (D:7)
  An ogre (D:4)
  3 phantoms
  3 centaurs
  3 lemures (D:7)
  2 bullfrogs
  A gnoll sergeant (D:9)
  A scorpion (D:6)
  A necrophage (D:6)
  17 wights
  6 killer bees
  2 hounds
  2 jellies
  3 orc wizards
  9 gnolls
  7 adders
  A shadow imp (D:6)
  2 white imps
  An ufetubus (D:5)
  4 worms
  2 dart slugs
  27 orcs
  4 ball pythons
  7 endoplasms
  3 giant cockroaches
  6 goblins
  7 hobgoblins
  7 jackals
  6 kobolds
  3 quokkas
  5 bats
  3 frilled lizards
  6 rats
178 creatures vanquished.

Notes
Turn   | Place    | Note
-------+----------+-------------------------------------------
     0 | D:1      | qw the Minotaur Berserker began the quest for the Orb.
     0 | D:1      | Reached XP level 1. HP: 19/19 MP: 0/0
     0 | D:1      | 0 ||| qw: Version: 0.1-a-119-g272c26d
     0 | D:1      | 0 ||| qw: Game counter: 10635
     0 | D:1      | 0 ||| qw: Always use a shield: true
     0 | D:1      | 0 ||| qw: Do Orc after D:15 true
     0 | D:1      | 0 ||| qw: Do second Lair branch before Depths: true
     0 | D:1      | 0 ||| qw: Lair rune preference: random
     0 | D:1      | 0 ||| qw: Plans: Normal
     0 | D:1      | 0 ||| PLANNING D:1-11
    22 | D:1      | 22 ||| Stepping ~*~*~tactically~*~*~ (water).
    44 | D:1      | Reached skill level 4 in Axes
   129 | D:1      | Reached XP level 2. HP: 26/26 MP: 1/1
   222 | D:1      | 222 ||| INVOKING Berserk.
   464 | D:1      | 464 ||| Stepping ~*~*~tactically~*~*~ (stealth).
   466 | D:1      | 466 ||| Stepping ~*~*~tactically~*~*~ (stealth).
   475 | D:1      | 475 ||| Stepping ~*~*~tactically~*~*~ (stealth).
   477 | D:1      | 477 ||| Stepping ~*~*~tactically~*~*~ (stealth).
   478 | D:1      | 478 ||| Stepping ~*~*~tactically~*~*~ (stealth).
   510 | D:1      | 510 ||| INVOKING Berserk.
   731 | D:1      | Reached skill level 5 in Axes
   895 | D:1      | 895 ||| UPGRADING to +1 ring mail of willpower.
   905 | D:1      | 905 ||| DROPPING +0 animal skin.
   906 | D:1      | 906 ||| UPGRADING to +0 pair of boots.
   911 | D:1      | 911 ||| READING scroll labelled WIPRICR TAGA.
   912 | D:1      | 912 ||| READING scroll labelled BYTIMNAPUO.
   913 | D:1      | 913 ||| READING 3 scrolls labelled DAIVVU QEOTO.
   914 | D:1      | 914 ||| READING scroll labelled TUSKAT IHOLIT.
   915 | D:1      | 915 ||| READING scroll labelled SAIKKA OPER.
   916 | D:1      | 916 ||| READING scroll labelled QASSAO NUITYO.
   917 | D:1      | 917 ||| DRINKING 2 murky golden potions.
   918 | D:1      | 918 ||| DRINKING 3 pink potions.
   919 | D:1      | 919 ||| DROPPING 2 scrolls of summoning.
   920 | D:1      | 920 ||| DROPPING potion of brilliance.
   921 | D:1      | 921 ||| DROPPING 2 potions of degeneration.
   922 | D:1      | 922 ||| Stepping randomly (stuck).
   923 | D:1      | 923 ||| Stepping randomly (stuck).
  1020 | D:2      | Reached XP level 3. HP: 31/31 MP: 2/2
  1111 | D:2      | Reached ** piety under Trog
  1276 | D:2      | 1276 ||| READING scroll of enchant armour.
  1276 | D:2      | 1276 ||| ENCHANTING +0 pair of boots.
  1415 | D:2      | Found a white marble altar of Elyvilon.
  1511 | D:2      | 1511 ||| READING scroll of enchant weapon.
  1511 | D:2      | 1511 ||| ENCHANTING +1 hand axe.
  1537 | D:2      | 1537 ||| INVOKING Berserk.
  1893 | D:2      | 1893 ||| READING scroll labelled VOSHRO CUDA.
  1894 | D:2      | 1894 ||| READING scroll labelled WAL YNNOIXA.
  1895 | D:2      | 1895 ||| DRINKING 2 brown potions.
  1896 | D:2      | 1896 ||| DRINKING 2 dark potions.
  1897 | D:2      | 1897 ||| READING 2 scrolls of identify.
  1897 | D:2      | 1897 ||| IDENTIFYING fizzy pink potion
  1898 | D:2      | 1898 ||| DROPPING potion of berserk rage.
  1969 | D:3      | Found a shimmering altar of Xom.
  2027 | D:3      | 2027 ||| Stepping ~*~*~tactically~*~*~ (hiding).
  2094 | D:3      | 2094 ||| Stepping ~*~*~tactically~*~*~ (stealth).
  2128 | D:3      | Found a faded altar of an unknown god.
  2232 | D:3      | Reached XP level 4. HP: 39/39 MP: 3/3
  2236 | D:3      | 2236 ||| Stepping ~*~*~tactically~*~*~ (hiding).
  2239 | D:3      | 2239 ||| INVOKING Berserk.
  2242 | D:3      | Reached skill level 6 in Axes
  2280 | D:3      | 2280 ||| FLEEEEING.
  2281 | D:3      | 2281 ||| FLEEEEING.
  2282 | D:3      | 2282 ||| FLEEEEING.
  2283 | D:3      | 2283 ||| FLEEEEING.
  2352 | D:3      | 2352 ||| Stepping ~*~*~tactically~*~*~ (stealth).
  2356 | D:3      | 2356 ||| Stepping ~*~*~tactically~*~*~ (stealth).
  2416 | D:3      | 2416 ||| DROPPING +0 club.
  2478 | D:3      | 2478 ||| READING scroll of enchant weapon.
  2478 | D:3      | 2478 ||| ENCHANTING +2 hand axe.
  2505 | D:3      | Found a sacrificial altar of Ru.
  2547 | D:3      | Found an ornate altar of the Wu Jian Council.
  2764 | D:3      | 2764 ||| SWAPPING to +0 broad axe.
  2765 | D:3      | 2765 ||| DROPPING +3 hand axe.
  2766 | D:3      | 2766 ||| DRINKING 2 fizzy green potions.
  2807 | D:3      | 2807 ||| READING 3 scrolls of identify.
  2807 | D:3      | 2807 ||| IDENTIFYING coppery potion
  2808 | D:3      | 2808 ||| DROPPING potion of invisibility.
  2809 | D:3      | 2809 ||| DROPPING potion of lignification.
  2842 | D:4      | 2842 ||| Stepping ~*~*~tactically~*~*~ (stealth).
  2844 | D:4      | Reached XP level 5. HP: 45/45 MP: 4/4
  2859 | D:4      | 2859 ||| FLEEEEING.
  2860 | D:4      | 2860 ||| STAIRDANCE
  2921 | D:4      | 2921 ||| STAIRDANCE
  2949 | D:4      | 2949 ||| DROPPING +0 mace.
  3061 | D:4      | Reached skill level 7 in Axes
  3123 | D:4      | Noticed an ogre
  3125 | D:4      | 3125 ||| INVOKING Berserk.
  3126 | D:4      | Killed an ogre
  3256 | D:4      | Noticed a black bear
  3257 | D:4      | 3257 ||| INVOKING Berserk.
  3260 | D:4      | Killed a black bear
  3261 | D:4      | Reached XP level 6. HP: 55/55 MP: 5/5
  3264 | D:4      | 3264 ||| FLEEEEING.
  3265 | D:4      | 3265 ||| FLEEEEING.
  3266 | D:4      | 3266 ||| FLEEEEING.
  3267 | D:4      | 3267 ||| FLEEEEING.
  3268 | D:4      | 3268 ||| FLEEEEING.
  3269 | D:4      | 3269 ||| FLEEEEING.
  3270 | D:4      | 3270 ||| FLEEEEING.
  3271 | D:4      | 3271 ||| STAIRDANCE
  3373 | D:3      | 3373 ||| UPGRADING to +0 chain mail.
  3383 | D:3      | 3383 ||| DROPPING +1 ring mail of willpower.
  3384 | D:3      | 3384 ||| READING scroll labelled VACEHI SOUDGHEPT.
  3385 | D:3      | 3385 ||| DRINKING 2 red potions.
  3385 | D:3      | Gained mutation: You have sharp toenails. [potion of
                  | mutation]
  3385 | D:3      | Gained mutation: You have sharp fingernails. [potion of
                  | mutation]
  3385 | D:3      | Gained mutation: You are frail. (-10% HP) [potion of
                  | mutation]
  3385 | D:3      | Gained mutation: You have a pair of large horns on your
                  | head. [potion of mutation]
  3386 | D:3      | 3386 ||| DRINKING potion of mutation.
  3386 | D:3      | Lost mutation: You have sharp toenails. [potion of
                  | mutation]
  3386 | D:3      | Lost mutation: You have sharp fingernails. [potion of
                  | mutation]
  3386 | D:3      | Lost mutation: You are frail. (-10% HP) [potion of
                  | mutation]
  3386 | D:3      | Gained mutation: Your muscles are strong. (Str +4, Int/Dex
                  | -1) [potion of mutation]
  3416 | D:3      | 3416 ||| READING 3 scrolls of identify.
  3416 | D:3      | 3416 ||| IDENTIFYING amethyst potion
  3417 | D:3      | 3417 ||| DROPPING potion of attraction.
  3453 | D:4      | 3453 ||| Stepping ~*~*~tactically~*~*~ (stealth).
  3880 | D:4      | 3880 ||| UPGRADING to ring of resist corrosion.
  3933 | D:5      | Entered Level 5 of the Dungeon
  4017 | D:5      | Found a staircase to the Ecumenical Temple.
  4027 | D:5      | Noticed Edmund
  4029 | D:5      | 4029 ||| INVOKING Berserk.
  4038 | D:5      | Killed Edmund
  4039 | D:5      | Reached skill level 8 in Axes
  4039 | D:5      | Reached XP level 7. HP: 60/60 MP: 6/6
  4160 | D:5      | 4160 ||| DROPPING +0 flail.
  4277 | D:5      | Noticed Eustachio
  4278 | D:5      | 4278 ||| Stepping ~*~*~tactically~*~*~ (stealth).
  4297 | D:5      | 4297 ||| Stepping ~*~*~tactically~*~*~ (stealth).
  4301 | D:5      | Reached *** piety under Trog
  4326 | D:5      | 4326 ||| INVOKING Berserk.
  4329 | D:5      | Killed Eustachio
  4330 | D:5      | Reached skill level 9 in Axes
  4473 | D:5      | Noticed Menkaure
  4478 | D:5      | 4478 ||| INVOKING Berserk.
  4480 | D:5      | Killed Menkaure
  5156 | D:5      | 5156 ||| DROPPING amulet of faith.
  5157 | D:5      | 5157 ||| READING scroll labelled ACWUNA VUYSIL.
  5158 | D:5      | 5158 ||| READING 3 scrolls of identify.
  5158 | D:5      | 5158 ||| IDENTIFYING glowing blue potion
  5159 | D:5      | 5159 ||| READING 2 scrolls of identify.
  5159 | D:5      | 5159 ||| IDENTIFYING fizzy brown potion
  5160 | D:5      | 5160 ||| DROPPING potion of magic.
  5161 | D:5      | 5161 ||| DROPPING potion of ambrosia.
  5203 | D:6      | 5203 ||| Stepping ~*~*~tactically~*~*~ (hiding).
  5208 | D:6      | Found a broken altar of Ashenzari.
  5221 | D:6      | Reached XP level 8. HP: 41/68 MP: 7/7
  5226 | D:6      | Reached skill level 10 in Axes
  5427 | D:6      | 5427 ||| Stepping ~*~*~tactically~*~*~ (stealth).
  5430 | D:6      | 5430 ||| Stepping ~*~*~tactically~*~*~ (stealth).
  5431 | D:6      | 5431 ||| Stepping ~*~*~tactically~*~*~ (stealth).
  5432 | D:6      | 5432 ||| Stepping ~*~*~tactically~*~*~ (stealth).
  5433 | D:6      | 5433 ||| Stepping ~*~*~tactically~*~*~ (stealth).
  5434 | D:6      | 5434 ||| Stepping ~*~*~tactically~*~*~ (hiding).
  5440 | D:6      | 5440 ||| INVOKING Berserk.
  5443 | D:6      | HP: 25/102 [acid dragon (1)]
  5445 | D:6      | Reached skill level 6 in Fighting
  5452 | D:6      | HP: 17/71 [black bear (2)]
  5453 | D:6      | 5453 ||| DRINKING 5 potions of heal wounds.
  5485 | D:6      | 5485 ||| FLEEEEING.
  5486 | D:6      | 5486 ||| FLEEEEING.
  5487 | D:6      | 5487 ||| FLEEEEING.
  5490 | D:6      | 5490 ||| FLEEEEING.
  5491 | D:6      | 5491 ||| FLEEEEING.
  5492 | D:6      | 5492 ||| FLEEEEING.
  5493 | D:6      | 5493 ||| FLEEEEING.
  5495 | D:6      | 5495 ||| FLEEEEING.
  5498 | D:6      | 5498 ||| FLEEEEING.
  5499 | D:6      | 5499 ||| FLEEEEING.
  5500 | D:6      | 5500 ||| FLEEEEING.
  5501 | D:6      | 5501 ||| FLEEEEING.
  5504 | D:6      | 5504 ||| FLEEEEING.
  5505 | D:6      | 5505 ||| FLEEEEING.
  5508 | D:6      | 5508 ||| FLEEEEING.
  5509 | D:6      | 5509 ||| FLEEEEING.
  5510 | D:6      | 5510 ||| FLEEEEING.
  5511 | D:6      | 5511 ||| FLEEEEING.
  5513 | D:6      | 5513 ||| FLEEEEING.
  5514 | D:6      | 5514 ||| FLEEEEING.
  5515 | D:6      | 5515 ||| FLEEEEING.
  5516 | D:6      | 5516 ||| FLEEEEING.
  5517 | D:6      | 5517 ||| FLEEEEING.
  5518 | D:6      | 5518 ||| FLEEEEING.
  5519 | D:6      | 5519 ||| FLEEEEING.
  5520 | D:6      | 5520 ||| FLEEEEING.
  5521 | D:6      | 5521 ||| FLEEEEING.
  5522 | D:6      | 5522 ||| STAIRDANCE
  5625 | D:5      | 5625 ||| UPGRADING to +6 ring of intelligence.
  5639 | D:6      | Reached skill level 11 in Axes
  5907 | D:6      | Found a large runed translucent door.
  5908 | D:6      | Found a large runed translucent door.
  5990 | D:6      | Found a stormy altar of Qazlal.
  5990 | D:6      | Found a white marble altar of Elyvilon.
  6141 | D:6      | Reached skill level 12 in Axes
  6146 | D:6      | 6146 ||| INVOKING Berserk.
  6151 | D:6      | Reached XP level 9. HP: 59/74 MP: 8/8
  6170 | D:6      | HP: 10/74 [wight/+0 great sword (12)]
  6171 | D:6      | 6171 ||| DRINKING 4 potions of heal wounds.
  6416 | D:6      | 6416 ||| READING scroll of enchant armour.
  6416 | D:6      | 6416 ||| ENCHANTING +1 pair of boots.
  6601 | D:6      | 6601 ||| UPGRADING to +0 pair of gloves.
  6632 | D:7      | 6632 ||| STAIRDANCE
  6681 | D:7      | 6681 ||| STAIRDANCE
  6888 | D:7      | Found a glowing golden altar of the Shining One.
  6889 | D:7      | Found a shimmering blue altar of Sif Muna.
  6890 | D:7      | Found an iron altar of Okawaru.
  6904 | D:7      | Noticed Pikel
  6909 | D:7      | 6909 ||| INVOKING Berserk.
  6916 | D:7      | Killed Pikel
  6917 | D:7      | Reached skill level 13 in Axes
  7109 | D:7      | Reached skill level 3 in Throwing
  7199 | D:7      | 7199 ||| READING scroll of enchant weapon.
  7199 | D:7      | 7199 ||| ENCHANTING +0 broad axe.
  7227 | D:7      | Found a snail-covered altar of Cheibriados.
  7406 | D:7      | 7406 ||| Stepping ~*~*~tactically~*~*~ (hiding).
  7407 | D:7      | 7407 ||| Stepping ~*~*~tactically~*~*~ (hiding).
  7493 | D:7      | Noticed Maggie
  7494 | D:7      | 7494 ||| Stepping ~*~*~tactically~*~*~ (hiding).
  7504 | D:7      | Killed Maggie
  7590 | D:7      | 7590 ||| FLEEEEING.
  7592 | D:7      | 7592 ||| FLEEEEING.
  7605 | D:7      | 7605 ||| INVOKING Berserk.
  7950 | D:7      | Noticed Prince Ribbit
  7951 | D:7      | 7951 ||| INVOKING Berserk.
  7955 | D:7      | Killed Prince Ribbit
  8523 | D:7      | 8523 ||| UPGRADING to +0 plate armour of cold resistance.
  8533 | D:7      | 8533 ||| DROPPING +0 chain mail.
  8534 | D:7      | 8534 ||| UPGRADING to +6 ring of dexterity.
  8536 | D:7      | 8536 ||| READING 2 scrolls of identify.
  8536 | D:7      | 8536 ||| IDENTIFYING fuming orange potion
  8537 | D:7      | 8537 ||| DROPPING potion of flight.
  8576 | D:8      | 8576 ||| Stepping ~*~*~tactically~*~*~ (stealth).
  8590 | D:8      | Reached skill level 3 in Dodging
  8596 | D:8      | Reached XP level 10. HP: 65/90 MP: 9/9
  8738 | D:8      | Found a flagged portal.
  8767 | D:8      | 8767 ||| Stepping ~*~*~tactically~*~*~ (stealth).
  8768 | D:8      | 8768 ||| Stepping ~*~*~tactically~*~*~ (hiding).
  8769 | D:8      | 8769 ||| Stepping ~*~*~tactically~*~*~ (hiding).
  8773 | D:8      | Reached skill level 6 in Armour
  8774 | D:8      | 8774 ||| INVOKING Berserk.
  8987 | D:8      | Found a hazy altar of Hepliaklqana.
  9127 | D:8      | Reached skill level 14 in Axes
  9284 | D:8      | 9284 ||| Stepping ~*~*~tactically~*~*~ (stealth).
  9285 | D:8      | 9285 ||| INVOKING Berserk.
  9307 | D:8      | 9307 ||| Stepping ~*~*~tactically~*~*~ (stealth).
  9492 | D:8      | 9492 ||| Stepping ~*~*~tactically~*~*~ (hiding).
  9564 | D:8      | 9564 ||| Stepping ~*~*~tactically~*~*~ (stealth).
  9674 | D:8      | 9674 ||| UPGRADING to amulet of guardian spirit.
  9679 | D:8      | 9679 ||| READING 2 scrolls labelled JIERINUARR.
  9679 | D:8      | Identified 2 scrolls of acquirement
  9679 | D:8      | 9679 ||| ACQUIRING +6 crystal plate armour of Burrech
                  | {Dex+5}
  9679 | D:8      | Acquired the +6 crystal plate armour of Burrech {Dex+5}
  9681 | D:8      | 9681 ||| UPGRADING to +6 crystal plate armour of Burrech
                  | {Dex+5}.
  9691 | D:8      | 9691 ||| DROPPING +0 plate armour of cold resistance.
  9692 | D:8      | 9692 ||| READING scroll of acquirement.
  9692 | D:8      | 9692 ||| ACQUIRING amulet of regeneration
  9692 | D:8      | Acquired an amulet of regeneration
  9694 | D:8      | 9694 ||| READING scroll labelled GASYQEARCH.
  9780 | D:9      | Noticed Erolcha
  9781 | D:9      | 9781 ||| INVOKING Trog's Hand.
  9792 | D:9      | 9792 ||| INVOKING Berserk.
  9796 | D:9      | Killed Erolcha
 10148 | D:9      | Reached skill level 9 in Armour
 10195 | D:9      | 10195 ||| Stepping ~*~*~tactically~*~*~ (stealth).
 10197 | D:9      | 10197 ||| Stepping ~*~*~tactically~*~*~ (hiding).
 10200 | D:9      | 10200 ||| Stepping ~*~*~tactically~*~*~ (hiding).
 10264 | D:9      | 10264 ||| Stepping ~*~*~tactically~*~*~ (hiding).
 10681 | D:9      | 10681 ||| READING scroll labelled CEEH IZAPEHILL.
 10682 | D:9      | 10682 ||| READING scroll labelled OGIV GOGEU.
 10683 | D:9      | 10683 ||| DRINKING 2 glowing green potions.
 10684 | D:9      | 10684 ||| READING 4 scrolls of identify.
 10684 | D:9      | 10684 ||| IDENTIFYING bubbling coppery potion
 10723 | D:10     | Entered Level 10 of the Dungeon
 10778 | D:10     | Noticed a two-headed ogre
 10783 | D:10     | 10783 ||| INVOKING Berserk.
 10785 | D:10     | Killed a two-headed ogre
 11070 | D:10     | Reached skill level 15 in Axes
 11324 | D:11     | Noticed Sonja
 11332 | D:11     | 11332 ||| INVOKING Berserk.
 11335 | D:11     | HP: 32/135 [Sonja/+2 dagger of distortion (4)]
 11336 | D:11     | HP: 12/135 [Sonja/+2 dagger of distortion (18)]
 11337 | D:11     | Slain by Sonja

Levels and vault maps discovered:
D:1:      dpeg_arrival_castle, layout_rooms, serial_aquarium,
          aquarium_bridge_square [aquarium_subvault_bridge,
          aquarium_subvault_wall, aquarium_subvault_balcony,
          aquarium_subvault_bridge], aquarium_window_fake, aquarium_window_fake,
          aquarium_window_2, aquarium_view_2c, aquarium_pool_split,
          minmay_unequal
D:2:      layout_basic, basic_altar, kennysheep_generic_room_9
D:3:      layout_loops_ring, old_standard_altar, mainiacjoe_overflow_paths,
          mainiacjoe_overflow_catwalk, ebering_ecumenical_altar_rust,
          chequers_garden, minmay_close_crescents
D:4:      layout_loops_cross, grunt_ministairs_15, hangedman_decor_push
D:5:      layout_gridville, minmay_temple_entry_glassed_door, uniq_menkaure,
          uniq_edmund, uniq_eustachio
D:6:      layout_loops_cross, evilmike_ruin_ashenzari, jmf_multi_god_temple2,
          jmf_multi_god_temple
D:7:      layout_layer_cave, chequers_temple_overflow_statue_of_worship,
          mainiacjoe_overflow_brackets, uniq_prince_ribbit1, uniq_pikel,
          uniq_maggie
D:8:      layout_basic, mainiacjoe_overflow_alcove_1, enter_bailey_2
D:9:      layout_gridville, uniq_erolcha
D:10:     layout_cave_pools, minmay_misc_feat_diagonals
D:11:     minmay_razor_zed, layout_basic, dpeg_lair_monsters,
          serial_corexii_hall, corexii_hall_statues_l, corexii_hall_statues_l,
          fedhas_altar_2, uniq_sonja, uniq_snorg

Skill      XL: |  1  2  3  4  5  6  7  8  9 10 |
---------------+-------------------------------+-----
Axes           | 4 5 6 7 8 9 12 13 15 | 15.0
Throwing       | 2 3 |  3.3
Fighting       | 4 5 7 8 |  8.4
Armour         | 4 5 9 |  9.0
Dodging        | 3 4 |  4.0

Action                   |  1- 3 |  4- 6 |  7- 9 | 10-12 || total
-------------------------+-------+-------+-------+-------++-------
Melee: Hand axe          |    99 |    30 |       |       ||   129
       Headbutt          |    11 |    10 |    23 |    17 ||    61
       Broad axe         |       |    41 |   149 |    68 ||   258
       Punch             |       |       |     1 |     1 ||     2
Throw: Boomerang         |     9 |    27 |    30 |     3 ||    69
       Javelin           |       |    14 |    17 |    16 ||    47
Invok: Berserk           |     3 |     4 |     7 |     5 ||    19
       Trog's Hand       |       |       |       |     1 ||     1
  Use: Scroll            |    11 |     4 |     6 |     6 ||    27
       Potion            |     4 |     3 |     2 |     1 ||    10
Armor: Animal skin       |    10 |       |       |       ||    10
       Ring mail         |    21 |    18 |       |       ||    39
       Chain mail        |       |     7 |    75 |       ||    82
       Plate armour      |       |       |    16 |    11 ||    27
       Crystal plate arm |       |       |       |    47 ||    47
Dodge: Dodged            |    63 |    21 |    78 |    38 ||   200

Table legend:
 A = Non-vault XP
 B = Vault XP
 C = Vault XP percentage of total XP
 D = Non-vault monster count
 E = Vault monster count
 F = Vault count percentage of total count
                 A         B        C        D         E       F
            +---------+---------+-------+---------+---------+-------
      Total |    6550 |    2908 |  30.7 |     156 |      19 |  10.9
            +---------+---------+-------+---------+---------+-------
        D:1 |      32 |       4 |  11.1 |      19 |       2 |   9.5
        D:2 |      36 |       2 |   5.3 |      12 |       1 |   7.7
        D:3 |     110 |       9 |   7.6 |      18 |       5 |  21.7
        D:4 |     339 |      44 |  11.5 |      21 |       2 |   8.7
        D:5 |     174 |     518 |  74.9 |      10 |       3 |  23.1
        D:6 |    1825 |     118 |   6.1 |      28 |       2 |   6.7
        D:7 |     552 |    1331 |  70.7 |       9 |       3 |  25.0
        D:8 |    1808 |       0 |   0.0 |      25 |       0 |   0.0
        D:9 |     577 |     882 |  60.5 |      11 |       1 |   8.3
       D:10 |    1097 |       0 |   0.0 |       3 |       0 |   0.0
            +---------+---------+-------+---------+---------+-------
